Map: [ESL] Gresvan

Players

Wayne - Winner!

  • Race: Zerg Zerg
  • Spawn Location: 5:00

Clem

  • Race: Terran Terran
  • Spawn Location: 11:00

Event: ESL SC2 Masters 2023 Summer (Regionals)

VOD

Have the link to the VOD?

Description

Time

  • Played on: May 17, 2023, 11:58 a.m.
  • Length: 14:05

All games in this series

Show
View Real Time Build Order
Export as new Build Order

Wayne Zerg - Winner!

Build Orders: Hatch First, Lurkers 

Get SALT Encoding   

  12  0:00  Drone  
  13  0:12  Overlord  
  13  0:16  Drone  
  14  0:30  Drone x2  
  16  0:48  Hatchery  
  15  0:50  Drone  
  15  0:54  Drone  
  17  0:57  Drone  
  18  1:07  Extractor  
  17  1:12  Spawning Pool  
  17  1:15  Drone  
  17  1:18  Drone  
  18  1:27  Drone  
  19  1:38  Drone  
  20  1:51  Drone  
  21  1:59  Queen x2  
  21  2:00  Zergling x4  
  27  2:12  Overlord  
  27  2:13  Drone  
  27  2:14  Metabolic Boost  
  28  2:27  Hatchery  
  28  2:29  Drone  
  28  2:32  Drone  
  28  2:36  Drone  
  29  2:41  Queen  
  31  2:46  Overlord  
  31  2:53  Drone x2  
  33  2:59  Drone x2  
  33  3:04  Queen  
  37  3:09  Drone x3  
  40  3:13  Overlord  
  40  3:15  Drone  
  41  3:20  Queen  
  43  3:33  Zergling x8  
  46  3:43  Drone x5  
  46  3:45  Drone  
  50  3:50  Queen  
  50  3:52  Drone x2  
  50  3:54  Drone  
  54  3:59  Overlord  
  54  4:01  Drone  
  55  4:06  Queen  
  57  4:15  Overlord  
  57  4:16  Overlord  
  57  4:17  Drone  
  57  4:21  Lair  
  58  4:29  Zergling x12  
  64  4:31  Drone  
  64  4:35  Spore Crawler  
  64  4:36  Spore Crawler  
  64  4:38  Spore Crawler  
  62  4:40  Drone  
  62  4:41  Drone  
  62  4:44  Drone x2  
  66  4:48  Drone  
  66  4:50  Baneling Nest  
  66  4:53  Drone  
  66  4:54  Drone  
  66  4:58  Overlord  
  66  4:59  Drone  
  69  5:02  Drone x4  
  69  5:03  Drone  
  69  5:07  Drone x2  
  75  5:09  Drone x2  
  75  5:12  Overlord  
  74  5:18  Extractor, Drone x2  
  74  5:19  Extractor, Drone x2  
  76  5:24  Overseer  
  76  5:26  Drone  
  77  5:29  Hatchery  
  77  5:35  Drone x2  
  78  5:36  Extractor  
  78  5:37  Zergling x2  
  78  5:38  Extractor, Zergling x2  
  78  5:40  Centrifugal Hooks  
  78  5:41  Drone x2  
  80  5:46  Drone x4  
  80  5:48  Drone  
  80  5:49  Drone  
  86  5:55  Overlord, Evolution Chamber  
  85  5:57  Evolution Chamber  
  85  6:02  Overlord  
  83  6:05  Zergling x12  
  89  6:15  Drone x2  
  89  6:16  Drone  
  89  6:17  Drone x6  
  98  6:21  Overlord  
  98  6:24  Overlord  
  98  6:25  Drone  
  99  6:32  Drone x4  
  103  6:37  Drone  
  103  6:39  Zerg Melee Weapons Level 1  
  101  6:40  Zerg Ground Armor Level 1  
  101  6:42  Hydralisk Den  
  101  6:43  Zergling x2  
  101  6:44  Zergling x12  
  108  6:47  Zergling x4  
  108  6:52  Baneling  
  108  6:53  Baneling x3  
  109  6:55  Zergling x6  
  112  7:04  Drone x2  
  112  7:06  Zergling x8  
  118  7:09  Hatchery  
  118  7:13  Zergling x16  
  118  7:15  Muscular Augments  
  125  7:20  Extractor  
  125  7:21  Overlord x3  
  124  7:29  Overlord  
  123  7:31  Baneling x8  
  123  7:33  Zergling x12  
  124  7:39  Overlord x2  
  123  7:45  Hydralisk x7  
  137  7:53  Drone x3, Infestation Pit  
  137  7:57  Zergling x6  
  137  7:58  Zergling x10  
  145  8:06  Baneling x9  
  145  8:07  Zergling x2  
  145  8:08  Zergling x8  
  145  8:11  Baneling x6  
  150  8:14  Hydralisk x3  
  150  8:18  Overlord  
  150  8:19  Hydralisk x3  
  160  8:27  Zergling x2  
  160  8:30  Grooved Spines  
  160  8:31  Hive  
  160  8:32  Drone x3  
  160  8:33  Overlord  
  163  8:40  Zergling x2  
  163  8:41  Zergling x18  
  172  8:46  Zerg Melee Weapons Level 2  
  169  8:49  Zergling x12  
  169  8:53  Zerg Ground Armor Level 2  
  174  9:00  Overlord  
  174  9:01  Overseer  
  174  9:02  Overseer  
  168  9:04  Zergling x16  
  176  9:15  Zergling x22  
  186  9:18  Baneling x8  
  186  9:22  Zergling x12  
  191  9:31  Zergling x20  
  185  9:35  Pneumatized Carapace  
  185  9:36  Zergling x10  
  186  9:48  Hydralisk x5  
  186  9:49  Hydralisk x2, Zergling x2  
  186  9:50  Zergling x2  
  186  9:51  Zergling x2  
  170  9:53  Zergling x8  
  170  9:55  Zergling x2  
  170  9:56  Zergling x2  
  162  10:02  Zergling x12  
  154  10:08  Zergling x12  
  154  10:11  Zergling x2  
  154  10:12  Zergling x4  
  154  10:14  Adrenal Glands  
  145  10:21  Viper x2  
  145  10:23  Zergling x16  
  158  10:32  Extractor  
  154  10:36  Drone x3  
  154  10:39  Zergling x14  
  154  10:40  Baneling  
  154  10:41  Baneling x3  
  154  10:42  Hatchery  
  163  10:48  Baneling x3  
  163  10:49  Baneling x4  
  163  10:55  Zergling x22  
  174  10:59  Baneling x5  
  174  11:04  Zerg Melee Weapons Level 3  
  174  11:09  Zergling x16  
  182  11:15  Zerg Ground Armor Level 3  
  182  11:19  Zergling x12  
  182  11:24  Baneling x6  
  188  11:27  Overlord  
  186  11:33  Zergling x16, Lurker Den  
  186  11:39  Baneling x9  
  193  11:41  Zergling x8  
  193  11:42  Baneling  
  193  11:43  Baneling x4  
  193  11:44  Zergling x2  
  174  11:58  Zergling x28  
  165  12:07  Zergling x22  
  165  12:09  Zergling x8  
  165  12:14  Baneling x4  
  162  12:16  Hydralisk x2  
  162  12:20  Zergling x12  
  172  12:23  Baneling x6  
  172  12:28  Zergling x10  
  177  12:31  Seismic Spines  
  177  12:35  Baneling x6  
  177  12:41  Zergling x8  
  177  12:42  Zergling x12  
  184  12:55  Zergling x2  
  184  12:56  Zergling x24  
  174  13:03  Zergling x14  
  174  13:05  Zergling x12  
  169  13:09  Lurker x5  
  169  13:12  Lurker x2  
  171  13:15  Lurker  
  171  13:16  Lurker x3  
  171  13:18  Zergling x4, Overseer  
  166  13:27  Zergling x16  
  165  13:36  Zergling x20  
  165  13:40  Overlord x2  
  175  13:41  Drone x4  
Show
View Real Time Build Order
Export as new Build Order

Clem Terran 

Build Orders: Gas First Reaper Expand, Hellion Banshee 

Get SALT Encoding   

  12  0:00  SCV  
  13  0:12  SCV  
  14  0:17  Supply Depot  
  14  0:24  SCV  
  14  0:28  Refinery  
  15  0:38  SCV  
  16  0:43  Barracks  
  16  0:51  SCV  
  17  1:03  SCV  
  18  1:15  SCV  
  19  1:30  Orbital Command, Reaper  
  20  1:41  Command Center  
  20  1:52  Factory  
  20  1:56  SCV  
  21  2:05  Barracks Reactor  
  21  2:07  Supply Depot  
  21  2:10  SCV  
  22  2:16  Refinery  
  23  2:22  SCV  
  23  2:35  SCV  
  24  2:46  Starport  
  24  2:47  SCV  
  24  2:51  Hellion x2  
  29  2:56  Orbital Command  
  29  2:59  SCV, Barracks Tech Lab  
  30  3:12  Hellion x2  
  34  3:16  SCV  
  35  3:23  SCV  
  36  3:28  SCV  
  36  3:30  Banshee  
  36  3:33  Cloaking Field  
  40  3:36  Hellion  
  40  3:38  Hellion  
  40  3:39  SCV  
  40  3:40  SCV  
  42  3:52  SCV x2  
  42  3:53  Barracks Tech Lab  
  42  4:01  Hellion x2  
  40  4:04  SCV  
  40  4:05  SCV  
  40  4:06  Supply Depot  
  42  4:13  Banshee  
  42  4:15  Stimpack  
  42  4:16  SCV  
  46  4:24  Supply Depot  
  46  4:27  Marine, SCV  
  46  4:30  SCV  
  49  4:40  SCV  
  49  4:42  SCV, Command Center  
  49  4:44  Factory Reactor  
  51  4:49  Supply Depot  
  51  4:52  SCV  
  52  4:54  SCV  
  52  4:58  Marine  
  54  5:03  Barracks x2  
  54  5:04  SCV  
  54  5:06  SCV  
  55  5:10  Starport Reactor  
  55  5:18  Command Center  
  55  5:20  SCV  
  56  5:21  SCV  
  56  5:23  Marine  
  58  5:33  SCV, Engineering Bay  
  58  5:34  SCV, Engineering Bay  
  60  5:39  Siege Tank  
  60  5:42  Marine  
  64  5:44  Supply Depot  
  64  5:45  SCV  
  64  5:46  SCV  
  66  5:52  Refinery  
  66  5:53  Refinery  
  67  5:57  SCV  
  67  5:58  Marine x3, Combat Shield  
  70  6:06  Terran Infantry Weapons Level 1, Marine, Medivac, SCV  
  70  6:08  Terran Infantry Armor Level 1  
  74  6:14  Marine  
  74  6:17  SCV  
  76  6:19  Medivac, Supply Depot  
  78  6:30  Marine x4, SCV x2  
  78  6:32  Marine, Supply Depot  
  82  6:35  Siege Tank  
  85  6:40  Medivac  
  85  6:41  Supply Depot  
  85  6:42  SCV x2  
  89  6:52  Marine x5  
  94  6:54  SCV x2  
  94  6:56  Orbital Command  
  96  7:03  Supply Depot  
  96  7:06  SCV x2  
  98  7:08  Barracks  
  98  7:12  Barracks  
  98  7:15  Marine  
  99  7:18  SCV x2, Siege Tank  
  99  7:19  Marine x2  
  99  7:21  SCV  
  107  7:23  Marine x2  
  106  7:30  SCV x2  
  106  7:32  Marine  
  106  7:33  SCV  
  106  7:35  Armory  
  106  7:37  Marine, Factory  
  103  7:39  Supply Depot  
  103  7:42  Marine x2  
  103  7:43  SCV x2  
  103  7:44  Marine  
  106  7:46  Medivac  
  106  7:49  SCV  
  106  7:50  Marine  
  111  7:52  Supply Depot  
  111  7:54  Marine  
  111  7:55  Refinery  
  111  7:58  Widow Mine  
  114  8:00  Marine  
  114  8:01  Barracks Reactor  
  114  8:02  Barracks Reactor  
  115  8:05  Supply Depot  
  115  8:06  SCV x3  
  115  8:07  Supply Depot  
  118  8:13  Command Center  
  118  8:15  Marine  
  118  8:16  Marine  
  118  8:17  Marine  
  118  8:19  Widow Mine  
  123  8:21  SCV  
  123  8:23  Factory Tech Lab  
  123  8:24  Refinery  
  124  8:27  Medivac  
  124  8:28  Medivac  
  124  8:30  Marine x2  
  124  8:33  Marine  
  131  8:34  Marine x2  
  131  8:35  Terran Infantry Weapons Level 2, Supply Depot  
  131  8:37  Terran Infantry Armor Level 2  
  133  8:44  Marine x4  
  133  8:45  Supply Depot  
  133  8:48  Widow Mine x2, Marine x2  
  136  8:51  Marine  
  136  8:52  Marine  
  136  8:54  Marine  
  141  8:59  Medivac x2  
  143  9:04  Sensor Tower  
  143  9:05  Marine  
  143  9:06  Marine, Supply Depot  
  143  9:07  Supply Depot  
  143  9:09  Widow Mine, Terran Vehicle Weapons Level 1, Siege Tank  
  150  9:10  Marine  
  150  9:11  Marine x2  
  150  9:17  Marine  
  152  9:19  Marine  
  152  9:20  Marine  
  152  9:23  Marine x2  
  156  9:30  Medivac, Siege Tank  
  158  9:34  Marine  
  158  9:37  Barracks x3  
  158  9:38  SCV  
  158  9:40  SCV x2  
  158  9:41  Siege Tank  
  159  9:47  Marine  
  159  9:48  Marine, Medivac  
  159  9:50  Marine x2  
  159  9:51  Marine  
  136  9:54  SCV  
  136  9:59  Marine  
  124  10:01  Marine  
  124  10:02  Siege Tank  
  124  10:05  Marine x2, Medivac  
  117  10:11  Marine x5  
  115  10:16  Marine  
  115  10:19  Marine  
  115  10:20  SCV x2  
  115  10:22  SCV  
  115  10:23  Marine  
  115  10:25  Marine  
  117  10:29  Marine  
  117  10:31  Marine  
  117  10:32  Marine x3  
  117  10:34  Marine  
  117  10:35  Siege Tank  
  124  10:37  Marine  
  124  10:38  Siege Tank  
  128  10:44  Command Center  
  128  10:47  Marine x3  
  128  10:49  Marine  
  131  10:52  Barracks Tech Lab x3  
  131  10:55  Marine  
  131  10:56  Marine  
  131  10:57  Marine x2  
  133  10:58  Sensor Tower  
  133  11:03  Terran Infantry Weapons Level 3  
  135  11:07  Terran Infantry Armor Level 3  
  135  11:09  Factory Tech Lab  
  135  11:10  Siege Tank  
  138  11:11  Marauder x2  
  138  11:12  Concussive Shells  
  138  11:15  Marauder  
  138  11:17  Marauder  
  138  11:18  Marine x5  
  147  11:22  Supply Depot  
  147  11:24  Terran Vehicle Weapons Level 2  
  147  11:25  Marine x2  
  153  11:26  Marine  
  153  11:32  Marine x2  
  152  11:35  Marine  
  152  11:36  Marine x2  
  152  11:39  Marauder, Marine  
  163  11:40  Marine, Supply Depot  
  163  11:42  Marine  
  163  11:46  Marine, Supply Depot  
  166  11:47  Orbital Command, Supply Depot  
  166  11:51  Marine, Siege Tank  
  166  11:53  Marine  
  151  11:55  Marine  
  151  11:57  Marine  
  151  11:58  Marine x3  
  151  11:59  Marine  
  145  12:06  Medivac  
  140  12:14  SCV, Ghost Academy  
  140  12:15  Marine x7  
  143  12:19  SCV  
  143  12:21  SCV, Factory Tech Lab  
  150  12:28  Supply Depot  
  150  12:29  SCV, Sensor Tower  
  151  12:33  Siege Tank  
  151  12:34  SCV  
  155  12:41  SCV  
  156  12:44  Siege Tank  
  156  12:47  Marine x2  
  155  12:58  Marine  
  144  13:00  Marine x2, Marauder x2  
  144  13:02  Marine x2  
  144  13:04  SCV  
  128  13:06  SCV  
  128  13:08  Siege Tank  
  128  13:10  Ghost  
  128  13:11  Ghost  
  136  13:15  SCV  
  136  13:17  SCV  
  136  13:19  SCV  
  139  13:20  Marine  
  137  13:27  SCV, Siege Tank  
Tags
 
Add a new tag
Caveats
  • Supply blocks, unpowered buildings, or Contaminate may cause inaccurate times.
  • Supply counts are checked every 10 seconds.